AoeStats
← unicorn

Arabia

510958238Analyzed
1v1 RM · 10h ago on Oct 3, 2026· 42m 13s· 2 players
Game mode
Random Map
Map size
Tiny (2 player)
Population
200
Speed
Normal
Resources
Standard
Victory
Conquest
Starting age
Dark Age
Ending age
Imperial Age
RankedLock teamsTeams togetherTeam positionsShared explorationLock speedFull tech treeHidden civsTurbo modeCheats
Victory
Defeat
🇨🇭 Khmer · Switzerland
1420
+15
🇷🇺 Varangians · Russia
1390
-15
unicorn
7:37 Loom
9:30 Feudal Age
10:24 Double-Bit Axe
10:24 Horse Collar
16:21 Bloodlines
17:59 Forging
18:07 Scale Barding Armor
22:17 Castle Age
22:09 Wheelbarrow
23:53 Chain Barding Armor
25:23 Husbandry
30:18 Iron Casting
32:26 Bow Saw
32:22 Heavy Plow
32:14 Gold Mining
32:15 Stone Mining
39:28 Imperial Age
38:20 Pikeman
39:22 Squires
39:24 Scale Mail Armor
41:55 Plate Barding Armor
Pret1
5:11 Loom
9:35 Feudal Age
10:09 Double-Bit Axe
10:10 Horse Collar
19:37 Castle Age
17:44 Gold Mining
18:23 Scale Barding Armor
19:12 Bloodlines
19:43 Forging
21:53 Wheelbarrow
21:20 Town Watch
26:25 Fletching
27:39 Husbandry
29:17 Bodkin Arrow
29:33 Light Cavalry
32:27 Chain Barding Armor
36:49 Imperial Age
35:36 Iron Casting
35:50 Gold Shaft Mining
36:19 Heavy Plow
37:11 Stone Mining
37:42 Bow Saw
37:03 Cavalier
38:40 Plate Barding Armor
40:46 Bracer
41:50 Blast Furnace
42:06 Conscription
Connection lost

Rejoining the realm…

Still unreachable

The connection could not be restored.

Session expired

The server has moved on; the page needs a fresh start.